 Dungeon Crawl Stone Soup version 0.30-a0-956-gcec3b41aec (webtiles) character file.

Game seed: 4453096015945150598

281 ThatPearl the Insei (level 6, -5/47 HPs)
             Began as a Draconian Transmuter on Mar 29, 2023.
             Slain by an orc warrior
             ... wielding a +0 mace
              (9 damage)
             ... on level 4 of the Dungeon.
             The game lasted 00:05:55 (3243 turns).

ThatPearl the Insei (Draconian Transmuter)          Turns: 3243, Time: 00:05:56

Health: -5/47      AC:  2    Str: 12    XL:     6   Next: 6%
Magic:  9/9        EV: 19    Int: 15    God:
Gold:   275        SH:  0    Dex: 17    Spells: 3/9 levels left

rFire   . . .      SeeInvis .      - Unarmed
rCold   . . .      Faith    .    (shield currently unavailable)
rNeg    + . .      Spirit   .    (body armour unavailable)
rPois   x          Reflect  .    (helmet currently unavailable)
rElec   .          Rampage  .    (cloak currently unavailable)
rCorr   .                        (gloves currently unavailable)
Will    .....                    (boots currently unavailable)
Stlth   ++                       l - amulet of magic regeneration
HPRegen 0.27/turn                h - ring of positive energy
MPRegen 0.51/turn                (no ring)

@: spider-form (expiring)
A: venomous fangs, AC +6, tiny, unfitting armour, (cold-blooded)
a: End Transformation


You were on level 4 of the Dungeon.
You were a venomous arachnid creature.
You visited 1 branch of the dungeon, and saw 4 of its levels.

You collected 275 gold pieces.

Inventory:

Hand Weapons
 b - a +4 antimagic sling
Missiles
 p - 58 stones
 r - a throwing net
Jewellery
 h - a ring of positive energy (left front pincers)
 l - an amulet of magic regeneration (around neck)
Scrolls
 c - 2 scrolls of immolation {unknown}
 e - 7 scrolls of identify {unknown}
 g - a scroll of amnesia {unknown}
 j - 2 scrolls of fog {unknown}
 k - 2 scrolls of teleportation {unknown}
 m - a scroll of torment {unknown}
Potions
 a - a potion of lignification
 d - 2 potions of heal wounds {unknown}
 f - a potion of degeneration {unknown}
 i - 3 potions of curing {unknown}
 n - a potion of mutation {unknown}
 o - a potion of attraction {unknown}
 q - a potion of haste {unknown}


   Skills:
 - Level 1.1 Fighting
 - Level 1.7 Dodging
 * Level 5.3 Unarmed Combat
 - Level 2.0 Spellcasting
 + Level 3.7 Transmutations
 + Level 2.3 Poison Magic


You had 3 spell levels left.
You knew the following spells:

 Your Spells              Type           Power      Damage    Failure   Level
a - Beastly Appendage     Tmut           24%        N/A       14%         1
s - Spider Form           Tmut/Pois      10%        N/A       38%         3
w - Wereblood             Tmut           12%        N/A       21%         2

Your spell library contained the following spells:

 Spells                   Type           Power      Damage    Failure   Level
 Apportation              Tloc           2%         N/A       43%         1
 Blink                    Tloc           2%         N/A       54%         2
 Lesser Beckoning         Tloc           2%         N/A       54%         2
 Momentum Strike          Conj/Tloc      2%         3d8       54%         2
 Ice Form                 Ice/Tmut       7%         N/A       87%         4
 Alistair's Intoxication  Tmut/Pois      6%         N/A       96%         5


Dungeon Overview and Level Annotations

Branches:
Dungeon (4/15)
 Temple: D:4-7

Altars:

Annotations:
D:4 1 runed translucent door, retardedninja's ghost, amateur AtFi


Innate Abilities, Weirdness & Mutations

You are a venomous arachnid creature.
You have venomous fangs.
You are tiny and dextrous.
Your spellcasting is less reliable in this form.
Your armour is entirely melded.
You are incapable of wielding weapons or throwing items.
((Your plain brown scales are hard. (AC +6)))
You cannot fit into any form of body armour.
((You are cold-blooded and may be slowed by cold attacks.))


Message History

You hit the orc warrior.
The orc warrior is poisoned.
The orc warrior is lightly wounded.
The orc warrior completely misses you.
You hit the orc warrior.
The orc warrior is moderately wounded.
The orc warrior hits you with a +0 mace.
You closely miss the orc warrior.
The orc warrior is moderately wounded.
The orc warrior hits you with a +0 mace!
Your magical contamination has completely faded away.
You hit the orc warrior.
The orc warrior looks even sicker.
The orc warrior is moderately wounded.
You hit the orc warrior but do no damage.
The orc warrior looks as sick as possible!
The orc warrior is moderately wounded.
Your transformation is almost over.
The orc warrior hits you with a +0 mace!
You barely miss the orc warrior.
The orc warrior is heavily wounded.
You barely miss the orc warrior.
The orc warrior is severely wounded.
The orc warrior closely misses you.
You hit the orc priest.
The orc priest is poisoned.
The orc priest is moderately wounded.
The orc priest invokes the aid of Beogh against you.
Pain shoots through your body! The orc warrior barely misses you.
You completely miss the orc priest.
The orc priest is moderately wounded.
The orc priest hits you with a +0 hand axe.
* * * LOW HITPOINT WARNING * * *
The orc warrior closely misses you.
You barely miss the orc priest.
The orc priest is heavily wounded.
The orc priest mumbles some strange prayers to Beogh against you.
Pain shoots through your body!
* * * LOW HITPOINT WARNING * * *
The orc warrior hits you with a +0 mace!
* * * LOW HITPOINT WARNING * * *
The orc warrior hits you with a +0 mace!
You die... #.........## ##.####### ###.#.##### ### [W~SS

#...# ### ## ##o##
#.# ## #.# ##'## #
#.# ##...## #.####
##.....## #.##.##
##.......##
#.#os.####.........##
#..o.....'.........+.
#.#...####.........##
#.##.## ##.......##
#.#### ##.....## #.#
###...## ###.#####
#.....# #.......#
#.##..# #.#.###.#
#.##..####


You could see an orc warrior (very poisoned) and an orc priest (very poisoned).

Vanquished Creatures
  A bullfrog (D:3)
  A scorpion (D:4)
  An iguana (D:4)
  Robin (D:2)
  3 adders
  An ufetubus (D:4)
  2 worms
  A dart slug (D:3)
  2 orcs
  5 ball pythons
  5 endoplasms
  A giant cockroach (D:2)
  22 goblins
  3 hobgoblins
  5 jackals
  10 kobolds
  2 quokkas
  3 bats
  2 frilled lizards
  5 rats (D:1)
76 creatures vanquished.

Vanquished Creatures (others)
  3 plants (D:3)
3 creatures vanquished.

Grand Total: 79 creatures vanquished

Notes
Turn   | Place    | Note
-------+----------+-------------------------------------------
     0 | D:1      | ThatPearl the Draconian Transmuter began the quest for the
                  | Orb.
     0 | D:1      | Reached XP level 1. HP: 16/16 MP: 3/3
   163 | D:1      | Reached XP level 2. HP: 22/23 MP: 3/5
   204 | D:1      | Learned a level 2 spell: Wereblood
   462 | D:1      | Reached XP level 3. HP: 17/28 MP: 4/6
   539 | D:1      | Learned a level 3 spell: Spider Form
   882 | D:2      | Reached skill level 4 in Unarmed Combat
  1403 | D:2      | Found a faded altar of an unknown god.
  1418 | D:2      | Noticed Robin
  1425 | D:2      | Reached XP level 4. HP: 35/35 MP: 5/7
  1439 | D:2      | Reached skill level 1 in Poison Magic
  1450 | D:2      | Killed Robin
  1900 | D:3      | Noticed a bullfrog
  1914 | D:3      | Killed a bullfrog
  1915 | D:3      | Reached XP level 5. HP: 26/40 MP: 8/8
  2646 | D:4      | Noticed an orc warrior
  2710 | D:4      | Reached skill level 5 in Unarmed Combat
  2850 | D:4      | Reached XP level 6. HP: 39/47 MP: 9/9
  3042 | D:4      | Found a runed translucent door.
  3049 | D:4      | Noticed retardedninja's ghost (amateur AtFi)
  3243 | D:4      | Slain by an orc warrior

Illustrated notes

Levels and vault maps discovered:
D:1:      dpeg_arrival_solitude, layout_basic
D:2:      layout_loops_cross, hellmonk_ecumenical_altar_heavens_door, uniq_robin
D:3:      layout_basic, guppyfry_early_lair_pool
D:4:      layout_loops_corners, ebering_ghost_sewer_d, minmay_misc_feat_cross

Skill      XL: |  1  2  3  4  5 |
---------------+----------------+-----
Unarmed Combat | 4 5 |  5.3
Poison Magic   | 1 2 |  2.3
Transmutations | 3 |  3.7
Fighting       | |  1.1
Dodging        | |  1.7
Spellcasting   | |  2.0

Action                     |  1- 3 |  4- 6 || total
---------------------------+-------+-------++-------
  Melee: Unarmed           |   104 |   105 ||   209
         Headbutt          |    15 |    14 ||    29
         Kick              |    16 |    18 ||    34
         Tailslap          |     8 |     7 ||    15
         Punch             |     1 |     2 ||     3
   Cast: Beastly Appendage |    26 |    18 ||    44
         Spider Form       |       |     1 ||     1
   Stab: Sleeping          |       |     1 ||     1
 Armour: Skin              |    49 |    28 ||    77
  Dodge: Dodged            |    57 |    64 ||   121

Table legend: (Time is in decaauts)
 A = Elapsed time spent in this place.
 B = Non-inter-level travel time spent in this place.
 C = Inter-level travel time spent in this place.
 D = Time resting spent in this place.
 E = Time spent auto-exploring this place.
 F = Levels seen in this place.
 G = Mean time per level.
                   A        B        C        D        E       F      G
               +--------+--------+--------+--------+--------+-----+--------+
         Total |   3230 |   3140 |     90 |     11 |   2499 |   4 |  807.5 |
       Dungeon |   3230 |   3140 |     90 |     11 |   2499 |   4 |  807.5 |
               +--------+--------+--------+--------+--------+-----+--------+

Top non-repeatable levels by time:
     D:3: 1034 daAuts
     D:2: 827 daAuts
     D:1: 789 daAuts
     D:4: 580 daAuts
